 Dungeon Crawl Stone Soup version 0.32-a0-43-g058985b245 (webtiles) character file.

Game seed: 2354259179353354705

1598 timneilson the Ruffian (level 8, -2/54 HPs)
             Began as an Octopode Shapeshifter on Feb 4, 2024.
             Was an Initiate of Gozag.
             Slain by a gnoll sergeant
             ... wielding a +0 trident
              (12 damage)
             ... on level 5 of the Dungeon.
             The game lasted 00:07:46 (4281 turns).

timneilson the Ruffian (Octopode Shapeshifter)      Turns: 4281, Time: 00:07:47

Health: -2/54      AC:  1    Str: 15    XL:     8   Next: 93%
Magic:  8/8        EV: 14    Int: 12    God:    Gozag
Gold:   337        SH:  0    Dex: 12    Spells: 7/7 levels left

rFire   . .          .
                       - Unarmed
rCold   . . .        (no shield)
rNeg    . . .        (helmet currently unavailable)
rPois   .            (no amulet)
rElec   .            (no ring)
rCorr   .            (no ring)
SInv    .            (no ring)
Will    .....        (no ring)
Stlth   ++++         (no ring)
HPRegen 0.29/turn    (no ring)
MPRegen 0.11/turn    (no ring)
                     (no ring)

%: no passive effects
@: beast-form
A: beast (slay +3), almost no armour, amphibious, 8 rings, camouflage 1,
gelatinous body 1, (nimble swimmer 1), tentacles
a: Begin Untransformation, Renounce Religion, Potion Petition, Call Merchant,
Bribe Branch


You were on level 5 of the Dungeon.
You worshipped Gozag.
Gozag was aware of your devotion.
You were a hulking beast.
You visited 2 branches of the dungeon, and saw 6 of its levels.

You collected 398 gold pieces.
You paid 61 gold pieces to Gozag.

Inventory:

Missiles
 s - 5 poisoned darts (quivered)
Talismans
 b - a beast talisman
 c - a flux talisman
Wands
 m - a wand of flame (24)
 n - a wand of iceblast (10)
Scrolls
 d - a scroll of fear
 f - a scroll of identify
 g - 2 scrolls of poison
 i - 3 scrolls of teleportation
 o - a scroll of brand weapon
 p - a scroll of silence
 q - 2 scrolls of immolation
 r - a scroll of butterflies
 t - a scroll of revelation {unknown}
 v - a scroll of amnesia
Potions
 a - 2 potions of resistance
 e - 2 potions of mutation
 h - 2 potions of enlightenment
 j - 3 potions of curing
 k - 2 potions of cancellation
 l - a potion of brilliance


   Skills:
 * Level 4.8 Fighting
 * Level 5.3 Dodging
 + Level 4.8 Stealth
 * Level 5.8 Unarmed Combat
 + Level 2.5 Evocations
 * Level 5.4 Shapeshifting


You had 7 spell levels left.
You didn't know any spells.
Your spell library contained the following spells:

 Spells                   Type           Power      Damage    Failure   Level
 Apportation              Tloc           0%         N/A       32%         1
 Jinxbite                 Hex            0%         N/A       45%         2
 Tukima's Dance           Hex            0%         N/A       69%         3
 Passage of Golubria      Tloc           0%         N/A       97%         4
 Alistair's Intoxication  Alch           0%         N/A       100%        5
 Yara's Violent Unravell  Hex/Alch       0%         3d3       100%        5


Dungeon Overview and Level Annotations

Branches:
Dungeon (5/15)             Temple (1/1) D:4

Altars:
Ashenzari
Dithmenos
Fedhas
Gozag
Kikubaaqudgha
Okawaru
Sif Muna
Trog
Uskayaw
Vehumet
Wu Jian
Xom
Yredelemnul
Zin
The Shining One


Innate Abilities, Weirdness & Mutations

You are a hulking beast.
Your limbs bulge with bestial killing power. (Slay +3)
You cannot wear most types of armour.
You are amphibious.
You can wear up to eight rings at the same time.
Your skin changes colour to match your surroundings (Stealth+).
Your rubbery body absorbs attacks. (AC +1, EV +1)
((You are camouflaged when in or above water. (Stealth+)))
You have tentacles for arms and can constrict up to eight enemies at once.


Message History

Things that are here:
a +0 flail; 4 stones; a +0 spear You start resting.
HP restored.
Things that are here:
a +0 flail; 4 stones; a +0 spear The gnoll sergeant shouts!
Things that are here:
a +0 flail; 4 stones; a +0 spear The gnoll sergeant attacks as it pursues you!
The gnoll sergeant hits you from afar with a +0 trident!
The gnoll sergeant hits you with a +0 trident!
You tentacle-slap the gnoll sergeant but do no damage.
You grab the gnoll sergeant.
You constrict the gnoll sergeant, but do no damage.
The gnoll sergeant closely misses you.
You barely miss the gnoll sergeant. You squeeze the gnoll sergeant.
The gnoll sergeant is lightly wounded.
You constrict the gnoll sergeant, but do no damage.
The gnoll sergeant hits you with a +0 trident!
You tentacle-slap the gnoll sergeant but do no damage.
You squeeze the gnoll sergeant.
The gnoll sergeant is moderately wounded.
You constrict the gnoll sergeant.
The gnoll sergeant hits you with a +0 trident!
* * * LOW HITPOINT WARNING * * *
You tentacle-slap the gnoll sergeant but do no damage.
You tentacle-slap the gnoll sergeant! The gnoll sergeant blocks your attack.
The gnoll sergeant is heavily wounded.
You constrict the gnoll sergeant.
The gnoll sergeant hits you with a +0 trident!
* * * LOW HITPOINT WARNING * * *
You tentacle-slap the gnoll sergeant. Your squeeze misses the gnoll sergeant.
The gnoll sergeant is severely wounded.
You constrict the gnoll sergeant.
Unknown command.
You feel better.
You constrict the gnoll sergeant, but do no damage.
The gnoll sergeant hits you with a +0 trident!
You die...
Your body crumbles into a pile of gold.

.....# ...
#.......##
...#.# #.#
#........# ...
.#
#..##........#
... .#
#......._...#
... ##
###....######
z.. ####..####
... ###....##
...
#####...####
... #..gh.###
... #.##### ...
#.......# ...
........... ...
.....g.......
.........g.....
...............
.....#.........
........gg.....


You could see a gnoll sergeant.

Vanquished Creatures
  A troll (D:5)
  Grinder (D:4)
  The ghost of Rexy the Firebug, an amateur GrFE (D:4)
  2 ice beasts
  A black bear (D:5)
  An ogre (D:4)
  2 wights
  A crimson imp (D:5)
  2 bombardier beetles
  3 hounds
  2 jellies
  Crazy Yiuf (D:4)
  Jessica (D:3)
  Ijyb (D:3)
  Terence (D:3)
  2 iguanas (D:4)
  2 orc wizards (D:4)
  7 gnolls
  4 adders
  A shadow imp (D:5)
  A white imp (D:5)
  4 ribbon worms
  2 dart slugs
  6 orcs (D:4)
  5 bats
  6 endoplasms
  4 giant cockroaches
  6 goblins
  5 hobgoblins
  6 kobolds
  A quokka (D:3)
  4 ball pythons
  A frilled lizard (D:2)
  2 rats
90 creatures vanquished.

Notes
Turn   | Place    | Note
-------+----------+-------------------------------------------
     0 | D:1      | timneilson the Octopode Shapeshifter began the quest for
                  | the Orb.
     0 | D:1      | Reached XP level 1. HP: 13/13 MP: 1/1
   138 | D:1      | Reached XP level 2. HP: 16/18 MP: 2/2
   679 | D:2      | Reached skill level 1 in Stealth
   679 | D:2      | Reached XP level 3. HP: 19/23 MP: 3/3
   833 | D:2      | Found a faded altar of an unknown god.
  1149 | D:2      | Reached XP level 4. HP: 29/29 MP: 4/4
  1181 | D:3      | Noticed an ice beast
  1205 | D:3      | Killed an ice beast
  1206 | D:3      | Reached XP level 5. HP: 31/35 MP: 5/5
  1302 | D:3      | You fall into a shaft and drop 2 floors!
  1302 | D:5      | Entered Level 5 of the Dungeon
  1327 | D:5      | Reached XP level 6. HP: 34/41 MP: 6/6
  1532 | D:5      | Noticed a troll
  1532 | D:5      | Noticed an ice beast
  1648 | D:5      | Found a basalt altar of Yredelemnul.
  1661 | D:5      | Noticed a black bear
  1744 | D:5      | Killed a black bear
  1923 | D:3      | Noticed Jessica
  1926 | D:3      | Killed Jessica
  1955 | D:3      | Found an iron altar of Okawaru.
  2133 | D:3      | Noticed Ijyb
  2145 | D:3      | Killed Ijyb
  2146 | D:3      | Reached XP level 7. HP: 30/46 MP: 7/7
  2301 | D:3      | Noticed Terence
  2312 | D:3      | Killed Terence
  2602 | D:4      | Noticed Grinder
  2606 | D:4      | Killed Grinder
  2652 | D:4      | Noticed Rexy's ghost (amateur GrFE)
  2662 | D:4      | Found a runed translucent door.
  2674 | D:4      | Found a staircase to the Ecumenical Temple.
  2703 | D:4      | Reached skill level 1 in Evocations
  2765 | Temple   | Entered the Ecumenical Temple
  2785 | Temple   | Became a worshipper of Gozag Ym Sagoz the Greedy
  2826 | D:4      | Killed Rexy's ghost
  2968 | D:4      | Identified the +3 war axe "Jumn" {freeze, rElec Str-2 Dex+5
                  | Stlth+}
  3070 | D:4      | Reached skill level 5 in Unarmed Combat
  3070 | D:4      | Reached XP level 8. HP: 49/54 MP: 8/8
  3554 | D:4      | Found a runed translucent door.
  3555 | D:4      | Noticed Crazy Yiuf
  3564 | D:4      | Killed Crazy Yiuf
  3674 | D:4      | Reached skill level 5 in Shapeshifting
  4069 | D:5      | Reached skill level 5 in Dodging
  4193 | D:5      | Killed a troll
  4279 | D:5      | HP: 2/54 [gnoll sergeant/+0 trident (14)]
  4281 | D:5      | Slain by a gnoll sergeant

Illustrated notes

Levels and vault maps discovered:
D:1:      minmay_arrival_shoal_huts, layout_loops_cross
D:2:      layout_rooms, shapermc_ecumenical_altar_mp_ritualfount, st_stairs_4,
          kennysheep_generic_room_7
D:3:      layout_loops_ring, okawaru_metal_pillars_3, uniq_jessica,
          uniq_terence, uniq_ijyb
D:4:      layout_basic, minmay_temple_entry_junction_2,
          hellmonk_ghost_happy_afterlife, uniq_grinder, uniq_crazy_yiuf_cottage
D:5:      layout_rooms, overflow_temple_1_default, kennysheep_little_box,
          minmay_fire_ice_demons
Temple:   nicolae_temple_god_jail

Skill      XL: |  1  2  3  4  5  6  7  8 |
---------------+-------------------------+-----
Stealth        | 1 2 3 4 |  4.8
Fighting       | 2 3 4 |  4.8
Dodging        | 3 4 5 |  5.3
Unarmed Combat | 4 5 |  5.8
Shapeshifting  | 4 5 |  5.4
Evocations     | 1 2 |  2.5

Action                     |  1- 3 |  4- 6 |  7- 9 || total
---------------------------+-------+-------+-------++-------
  Melee: Unarmed           |    65 |    64 |   110 ||   239
         Tentacles         |     9 |     6 |    29 ||    44
         Constrict         |    16 |    12 |    19 ||    47
         Punch             |     4 |     1 |     6 ||    11
  Evoke: Wand              |       |       |     5 ||     5
    Use: Scroll            |    10 |     1 |     8 ||    19
         Potion            |       |     1 |     1 ||     2
   Stab: Sleeping          |     9 |     7 |     5 ||    21
 Armour: Skin              |    23 |    39 |    49 ||   111
  Dodge: Dodged            |    38 |    19 |    42 ||    99

Table legend: (Time is in decaauts)
 A = Elapsed time spent in this place.
 B = Non-inter-level travel time spent in this place.
 C = Inter-level travel time spent in this place.
 D = Time resting spent in this place.
 E = Time spent auto-exploring this place.
 F = Levels seen in this place.
 G = Mean time per level.
                   A        B        C        D        E       F      G
               +--------+--------+--------+--------+--------+-----+--------+
         Total |   4264 |   4075 |    189 |    759 |   2292 |   6 |  710.7 |
       Dungeon |   4225 |   4072 |    153 |    759 |   2292 |   5 |  845.0 |
        Temple |     38 |      2 |     36 |      0 |      0 |   1 |   38.0 |
               +--------+--------+--------+--------+--------+-----+--------+

Top non-repeatable levels by time:
     D:4: 1487 daAuts
     D:5: 806 daAuts
     D:3: 763 daAuts
     D:1: 608 daAuts
     D:2: 559 daAuts
  Temple: 38 daAuts
